Kradschützen Motorcycle Team
Selects Armored Suppot Battlegroup
Construct Light Support Kompanie
Construct Mechanized Kompanie
Marder III Tank Destroyer
Selects Flammpanzer III Medium Tank Sd.Kfz. 141
Selects Command Panzer IV F Medium Tank
Command Panzer IV F Medium Tank
Construct Panzerarmee Kommand
Selects Vehicle Awareness
Flak 36 Anti-tank Gun Team